 Dungeon Crawl Stone Soup version 0.25-a0-558-g78a2afb0af (webtiles) character file.

Game seed: 7136687788028088904, levelgen mode: classic

28 EnegeticOcto the Covered (level 2, 0/28 HPs)
             Began as a Deep Dwarf Fighter on Feb 24, 2020.
             Slain by Sigmund
             ... wielding a +0 scythe
              (1 damage)
             ... on level 3 of the Dungeon.
             The game lasted 00:00:29 (260 turns).

EnegeticOcto the Covered (Deep Dwarf Fighter)        Turns: 260, Time: 00:00:29

Health: 0/28       AC:  6    Str: 19    XL:     2   Next: 96%
Magic:  1/1        EV:  7    Int:  8    God:
Gold:   9          SH:  9    Dex: 12    Spells: 1/1 levels left

rFire    . . .     SeeInvis .   a - +0 war axe
rCold    . . .     Gourm    .   c - +0 kite shield
rNeg     . . .     Faith    .   b - +0 scale mail
rPois    .         Spirit   .   (no helmet)
rElec    .         Reflect  .   (no cloak)
rCorr    .         Harm     .   (no gloves)
MR       .....                  (no boots)
Stlth    ..........             (no amulet)
HPRegen  0.00/turn              (no ring)
MPRegen  0.07/turn              (no ring)

@: lethally poisoned (0 -> 0), non-regenerating
A: damage resistance, heal wounds, sense surroundings 1, no regeneration
a: Heal Wounds


You were on level 3 of the Dungeon.
You were not hungry.

You visited 1 branch of the dungeon, and saw 3 of its levels.

You collected 9 gold pieces.

Inventory:

Hand Weapons
 a - a +0 war axe (weapon)
Armour
 b - a +0 scale mail (worn)
 c - a +0 kite shield (worn)
Scrolls
 f - a scroll of enchant weapon {unknown}
Potions
 g - a potion of haste {unknown}
 h - a potion of magic {unknown}
 i - a potion of heal wounds {unknown}
 k - a potion of might {@q3}
Comestibles
 d - 4 chunks of flesh
 e - 2 rations


   Skills:
 * Level 3.0 Fighting
 * Level 2.7 Axes
 + Level 3.5 Armour
 + Level 0.8 Dodging
 + Level 3.4 Shields


You had one spell level left.
You didn't know any spells.
Your spell library was empty.

Dungeon Overview and Level Annotations

Branches:
Dungeon (3/15)

Altars:

Annotations:
D:3 Sigmund


Innate Abilities, Weirdness & Mutations

You are resistant to damage.
You can heal yourself by infusing magical energy.
You passively map a small area around you.
You do not regenerate.


Message History

You are too confused!
The quokka bites you. The adder bites you.
Sigmund hits you from afar with a +0 scythe!
The quokka bites you but does no damage.
Your scale mail prevents you from hitting the adder.
You closely miss the quokka. The adder bites you. The quokka barely misses you.
Sigmund casts a spell.
Sigmund flickers and vanishes!
Deactivating autopickup; reactivate with Ctrl-A.
The adder barely misses you.
You hit the quokka but do no damage. You hit the adder. The quokka bites you.
The adder bites you but does no damage. Something completely misses you.
The quokka barely misses you. The quokka completely misses you.
The adder bites you. Something completely misses you. The quokka bites you.
You feel less confused. The quokka barely misses you.
The adder closely misses you. You block something's attack.
You block the quokka's attack.
You barely miss the adder.
The adder is moderately wounded.
You miss the quokka. The adder completely misses you.
You block the quokka's attack. The adder barely misses you.
Something hits you but does no damage.
Your shield and scale mail prevent you from hitting the adder.
The adder is moderately wounded.
You closely miss the quokka. You block the quokka's attack.
The adder bites you but does no damage. The quokka completely misses you.
The adder bites you. Something hits you.
Your shield prevents you from hitting the adder.
The adder is moderately wounded.
You hit the quokka but do no damage. The adder bites you but does no damage.
You block the quokka's attack. You block the adder's attack.
The quokka bites you. Something hits you.
You closely miss the adder.
The adder is moderately wounded.
You closely miss the quokka. The adder bites you but does no damage.
You block the quokka's attack. Something hits you but does no damage.
The adder bites you but does no damage. You block the quokka's attack.
You fail to use your ability.
You block the adder's attack. You block the quokka's attack.
You barely miss the adder.
The adder is moderately wounded.
You miss the quokka. The adder bites you.
You are poisoned.
The adder poisons you! Something hits you.
* * * LOW HITPOINT WARNING * * *
The quokka barely misses you. The adder bites you but does no damage.
You block the quokka's attack.
Your magical essence is drained by the effort!
You feel much better. Something hits you!
The adder bites you but does no damage. You block the quokka's attack.
You miss the adder.
The adder is moderately wounded.
You barely miss the quokka. The adder barely misses you.
The quokka bites you but does no damage.
Something hits you! The adder bites you but does no damage.
The quokka bites you.
You miss the adder.
The adder is moderately wounded.
You hit the quokka but do no damage. The adder bites you but does no damage.
You block the quokka's attack. Something hits you.
You block the adder's attack.
You closely miss the adder.
The adder is moderately wounded.
You hit the quokka but do no damage. You block the quokka's attack.
The adder closely misses you. Something hits you.
* * * LOW HITPOINT WARNING * * *
The quokka closely misses you. The adder bites you but does no damage.
You miss the adder.
The adder is moderately wounded.
You miss the quokka. The adder bites you. The quokka barely misses you.
Something hits you.
* * * LOW HITPOINT WARNING * * *
The adder bites you but does no damage.
The quokka bites you but does no damage.
You feel much better. The adder bites you.
The quokka bites you but does no damage.
Something hits you!
You fail to use your ability.
You block the adder's attack.
The quokka bites you but does no damage.
You fail to use your ability.
The adder bites you.
The quokka bites you but does no damage.
Something hits you.
* * * LOW HITPOINT WARNING * * *
The adder bites you.
* * * LOW HITPOINT WARNING * * *
You closely miss the adder.
The adder is moderately wounded.
You barely miss the quokka.
The quokka bites you but does no damage.
The adder closely misses you. The quokka barely misses you. Something hits you.
* * * LOW HITPOINT WARNING * * *
The adder closely misses you.
You barely miss the adder.
The adder is moderately wounded.
You closely miss the quokka. The quokka bites you. The adder bites you.
* * * LOW HITPOINT WARNING * * *
You are more poisoned.
The adder poisons you! Something hits you.
You die...

........#.#
...$....#.#
#.........#
###...%....#
...........#
........(..#
.....#..{).#
.......rS#(#
.......@.#.#########
.........#.........#
,.....#.............#
#### #.............#
#....(........#####
#...#..............
#...#..............
#...#..............
#.. #..............


You could see an adder and a quokka.

Vanquished Creatures
  An adder (D:3)
  A leopard gecko (D:3)
  A ball python (D:3)
  A giant cockroach (D:1)
  2 goblins (D:1)
  2 hobgoblins (D:3)
  2 frilled lizards
  4 kobolds
  5 rats
19 creatures vanquished.

Notes
Turn   | Place    | Note
-------+----------+-------------------------------------------
     0 | D:1      | EnegeticOcto the Deep Dwarf Fighter began the quest for the
                  | Orb.
     0 | D:1      | Reached XP level 1. HP: 20/20 MP: 1/1
   154 | D:3      | Reached XP level 2. HP: 22/27 MP: 2/2
   214 | D:3      | Noticed Sigmund
   233 | D:3      | HP: 1/28 [Sigmund/+0 scythe (3)]
   255 | D:3      | HP: 1/28 [something (5)]
   260 | D:3      | HP: 1/28 [adder (2)]
   260 | D:3      | Slain by Sigmund

Levels and vault maps discovered:
D:1:      lightli_arrival_statue_moat, layout_basic
D:2:      layout_loops_cross, grunt_temple_overflow_open, uniq_jessica,
          uniq_robin
D:3:      layout_basic, first_ration, portal_sewer_entry_a, uniq_ijyb,
          uniq_sigmund

Skill      XL: |  1  2 |
---------------+-------+-----
Fighting       | 3 |  3.0
Axes           | |  2.7
Armour         | |  3.5
Dodging        | |  0.8
Shields        | |  3.4

Action                   || total
-------------------------++-------
Melee: War axe           ||    73
 Abil: Heal Wounds       ||     6
Armor: Scale mail        ||    51
Dodge: Dodged            ||    47
Block: Kite shield       ||    55

Table legend:
 A = Non-vault XP
 B = Vault XP
 C = Vault XP percentage of total XP
 D = Non-vault monster count
 E = Vault monster count
 F = Vault count percentage of total count
                 A         B        C        D         E       F
            +---------+---------+-------+---------+---------+-------
      Total |      38 |       2 |   5.0 |      17 |       2 |  10.5
            +---------+---------+-------+---------+---------+-------
        D:1 |       7 |       0 |   0.0 |       4 |       0 |   0.0
        D:2 |       4 |       0 |   0.0 |       4 |       0 |   0.0
        D:3 |      27 |       2 |   6.9 |       9 |       2 |  18.2
            +---------+---------+-------+---------+---------+-------
